 Dungeon Crawl Stone Soup version 0.23-a0-8-gb809bb70e4 (webtiles) character file.

78 Gerstahl the Skirmisher (level 4, 0/37 HPs)
             Began as a Demonspawn Monk on Aug 1, 2018.
             Slain by an adder (5 damage)
             ... on level 2 of the Dungeon.
             The game lasted 00:02:36 (1406 turns).

Gerstahl the Skirmisher (Demonspawn Monk)           Turns: 1406, Time: 00:02:37

Health: 0/37       AC:  2    Str: 11    XL:     4   Next: 15%
Magic:  4/4        EV: 13    Int: 12    God:
Gold:   43         SH:  0    Dex: 16    Spells: 3/3 levels left

rFire    . . .     SeeInvis .   a - +0 falchion
rCold    . . .     Gourm    .   (no shield)
rNeg     . . .     Faith    .   b - +0 robe
rPois    .         Spirit   .   (no helmet)
rElec    .         Reflect  .   (no cloak)
rCorr    .         Harm     .   (no gloves)
MR       .....                  (no boots)
Stlth    ++........             (no amulet)
HPRegen  0.12/turn              (no ring)
MPRegen  0.09/turn              (no ring)

@: no status effects
A: powered by death 1
a: no special abilities


You were on level 2 of the Dungeon.
You were not hungry.

You visited 1 branch of the dungeon, and saw 2 of its levels.

You collected 43 gold pieces.

Inventory:

Hand Weapons
 a - a +0 falchion (weapon)
Armour
 b - a +0 robe (worn)
Scrolls
 e - a scroll of fear {unknown}
 f - a scroll of fog {unknown}
 g - a scroll of random uselessness {unknown}
 h - a scroll of enchant armour {unknown}
 i - a scroll of identify {unknown}
Potions
 d - a potion of brilliance
Comestibles
 c - a ration


   Skills:
 + Level 4.1 Fighting
 + Level 3.7 Long Blades
 - Level 2.6 Dodging
 - Level 1.7 Stealth


You had 3 spell levels left.
You didn't know any spells.
Your spell library was empty.

Dungeon Overview and Level Annotations

Branches:
Dungeon (2/15)

Altars:

Annotations:
D:2 Sigmund


Innate Abilities, Weirdness & Mutations

You regenerate a little health from kills.


Message History

You have reached level 4!
You feel clever.
You feel sick.
You feel sick.
You are no longer poisoned.
An adder is nearby!
The adder hisses angrily.
You start resting.
The adder is too close now for your liking.
The adder barely misses you.
You riposte.
You closely miss the adder. The adder bites you.
* * * LOW HITPOINT WARNING * * *
You hit the adder.
The adder is heavily wounded.
The adder bites you.
* * * LOW HITPOINT WARNING * * *
You closely miss the adder.
The adder is heavily wounded.
The adder bites you.
You die...

... ... ... #### . #.#
#..# # #.# #..# #
#.#######..#
#############.#.@....>##
..†............S#####.#
.....#########...#....#
....## ###.#.##########
....# #.#..........#
....# #S...........#
.)..#
######.#.....(.>.<# #
....#
...........(......### .
....#
....................#..


You could see an adder.

Vanquished Creatures
  Jessica (D:2)
  An adder (D:2)
  2 dart slugs
  2 leopard geckos (D:2)
  A giant cockroach (D:1)
  2 goblins
  3 hobgoblins
  10 jackals
  2 kobolds
  4 bats
  3 frilled lizards (D:1)
  5 rats (D:1)
36 creatures vanquished.

Notes
Turn   | Place    | Note
-------+----------+-------------------------------------------
     0 | D:1      | Gerstahl the Demonspawn Monk began the quest for the Orb.
     0 | D:1      | Reached XP level 1. HP: 18/18 MP: 1/1
   112 | D:1      | Gained mutation: You regenerate a little health from kills. [demonic ancestry]
   112 | D:1      | Reached XP level 2. HP: 18/24 MP: 2/2
   825 | D:2      | Noticed Sigmund
   884 | D:2      | Reached XP level 3. HP: 23/29 MP: 3/3
   959 | D:2      | Noticed Jessica
  1380 | D:2      | Killed Jessica
  1380 | D:2      | Reached skill level 4 in Fighting
  1380 | D:2      | Reached XP level 4. HP: 3/37 MP: 4/4
  1406 | D:2      | Slain by an adder

Vault maps used:
D:1:      minmay_arrival_doors, minmay_misc_feat_chi, st_stairs_3
D:2:      gammafunk_temple_overflow_elements, first_ration, uniq_jessica,
          uniq_crazy_yiuf_cottage, uniq_sigmund

Skill      XL: |  1  2  3 |
---------------+----------+-----
Long Blades    | 3 |  3.7
Fighting       | 4 |  4.1
Dodging        | |  2.6
Stealth        | |  1.7

Action                   |  1- 3 |  4- 6 || total
-------------------------+-------+-------++-------
Melee: Falchion          |   104 |     2 ||   106
  Use: Potion            |     2 |       ||     2
 Stab: Sleeping          |     9 |       ||     9
  Eat: Ration            |     1 |       ||     1
Armor: Robe              |    28 |       ||    28
Dodge: Dodged            |    81 |     1 ||    82
       Rpst.: Falchion   |    27 |     1 ||    28

Table legend:
 A = Spawn XP
 B = Non-spawn XP
 C = Spawn XP percentage of total XP
 D = Spawn monster count
 E = Non-spawn monster count
 F = Spawn count percentage of total count
 G = Total turns spent on level
                    A         B        C        D         E        F      G
               +---------+---------+-------+---------+---------+-------+---------
         Total |       0 |     112 |   0.0 |       0 |      36 |   0.0 |  1406
               +---------+---------+-------+---------+---------+-------+---------
           D:1 |       0 |      40 |   0.0 |       0 |      24 |   0.0 |  1191
           D:2 |       0 |      72 |   0.0 |       0 |      12 |   0.0 |   215
               +---------+---------+-------+---------+---------+-------+---------
